 Dungeon Crawl Stone Soup version 0.20-a0-1006-ge6c5631 (webtiles) character file.

6212 HankScorpio the Severer (level 10, -26/115 HPs)
             Began as a Minotaur Berserker on Apr 13, 2017.
             Was an Elder of Trog.
             Annihilated by a white very ugly thing (30 damage)
             ... on level 7 of the Dungeon.
             The game lasted 00:16:20 (6702 turns).

HankScorpio the Severer (Minotaur Berserker)        Turns: 6702, Time: 00:16:22

Health: -26/115    AC: 25    Str: 23    XL:     10   Next: 61%
Magic:  10/10      EV:  2    Int:  4    God:    Trog [****..]
Gold:   420        SH:  6    Dex: 16    Spells: 9/9 levels left

rFire    . . .     SeeInvis .   I - +3 war axe (curse)
rCold    . . .     Gourm    .   t - +0 buckler
rNeg     + + +     Faith    .   (armour currently unavailable)
rPois    +         Spirit   .   (helmet currently unavailable)
rElec    .         Reflect  .   (cloak currently unavailable)
rCorr    +         Harm     .   (gloves currently unavailable)
MR       ++...     NoTele   +   (boots currently unavailable)
Stlth    +.........             (no amulet)
Regen    1.3/turn               B - ring of resist corrosion
MPRegen  0.2/turn               s - ring of positive energy

@: exhausted, tree-form, regenerating, slowed, very slow
A: (retaliatory headbutt), agile 1, high mp 1, strong 1, subdued magic 1
a: Berserk, Trog's Hand, Brothers in Arms, Burn Spellbooks, Renounce Religion


You were on level 7 of the Dungeon.
You worshipped Trog.
Trog was greatly pleased with you.
You were not hungry.
You were a tree.
You visited 1 branch of the dungeon, and saw 7 of its levels.
You also visited: Sewer.

You collected 420 gold pieces.

Inventory:

Hand Weapons
 a - a +0 hand axe
 I - a cursed +3 war axe (weapon)
Armour
 b - a +0 animal skin
 o - a +1 plate armour (melded)
 t - a +0 buckler (worn)
 E - a +0 pair of gloves (melded)
 G - +0 acid dragon scales
Jewellery
 s - a ring of positive energy (right branch)
 B - a ring of resist corrosion (left branch)
Wands
 u - a wand of flame (48/48)
Scrolls
 d - a scroll of noise {unknown}
 h - 6 scrolls of teleportation
 i - a scroll of amnesia
 r - a scroll of remove curse
 y - a scroll of enchant armour
 A - a scroll of magic mapping
 C - 2 scrolls of identify
 H - a scroll of recharging
 J - a scroll of enchant weapon {unknown}
Potions
 e - 2 potions of agility
 f - 4 potions of might
 g - 3 potions of lignification
 l - a potion of flight {unknown}
 n - a potion of invisibility
 p - 2 potions of cancellation {unknown}
 q - 2 potions of heal wounds {unknown}
 v - 4 potions of curing {unknown}
 w - a potion of magic {unknown}
 z - 2 potions of brilliance {unknown}
 F - 2 potions of ambrosia {unknown}
Books
 x - a book of Misfortune

   Spells                             Type                      Level
   a - Confusing Touch                Hexes                        1
   b - Confuse                        Hexes                        3
   c - Gell's Gravitas                Translocation                3
   d - Petrify                        Transmutation/Earth          4
   e - Metabolic Englaciation         Hexes/Ice                    5
   f - Yara's Violent Unravelling     Hexes/Transmutation          5
   Trog disapproves of the use of such an item.
 D - a Young Poisoner's Handbook

   Spells                             Type                      Level
   a - Sting                          Conjuration/Poison           1
   b - Poisonous Vapours              Poison/Air                   2
   c - Mephitic Cloud                 Conjuration/Poison/Air       3
   d - Olgreb's Toxic Radiance        Poison                       4
   e - Venom Bolt                     Conjuration/Poison           5
   Trog disapproves of the use of such an item.
Comestibles
 c - 5 bread rations
 j - a fruit
 k - 4 royal jellies
 m - 4 meat rations


   Skills:
 - Level 3.6 Fighting
 * Level 16.5 Axes
 - Level 2.4 Armour
 - Level 2.1 Dodging
 + Level 8.2 Shields


You had 9 spell levels left.
You didn't know any spells.

Dungeon Overview and Level Annotations

Branches:
Dungeon (7/15)             Temple (0/1) D:7

Altars:
Ashenzari
Kikubaaqudgha
Makhleb
Nemelex Xobeh
Okawaru
Ru
Trog
Zin

Shops:
D:6 }   D:7 !

Annotations:
D:7 1 runed door


Innate Abilities, Weirdness & Mutations

((You reflexively headbutt those who attack you in melee.))
((You have a pair of horns on your head.))
You are agile. (Dex +2)
((Your flesh is cold resistant. (rC+)))
You have an increased reservoir of magic. (+10% MP)
Your muscles are strong. (Str +2)
Your spells are a little easier to cast, but a little less powerful.


Message History

The white very ugly thing bites you. The white very ugly thing freezes you!!
You resist.
The white very ugly thing bites you but does no damage.
You see here a flail.
Press: ? - help, v - describe, . - travel
Here: a white very ugly thing The floor.
Your skin crawls.
You feel resistant to hostile enchantments.
You feel somewhat more hungry. The white very ugly thing bites you!
The white very ugly thing freezes you!! You resist.
* * * LOW HITPOINT WARNING * * *
You're too exhausted to go berserk.
It was a potion of lignification.
You turn into a tree.
Your +0 pair of gloves melds into your body.
Your +1 plate armour melds into your body.
Your roots penetrate the ground.
The white very ugly thing bites you!
* * * LOW HITPOINT WARNING * * *
The white very ugly thing freezes you!!
You die...

#.#.# #.#
#...######.####
##........#.8.#.
.#...###.#......
##.#<..###.#8.>.8#
#.##)......#...... ####
#Z##)).######.8.#.
#...##u###.........#.#.
##+##♣###.....#####.#.
#...#.##.####.# #.#.
#.).#.##.# #.#####.#.
##'##.##.# #.#.(...#.
##(†#.##.# #)#.#####.
###..##.# ##.#.# #.
###.#.# #....# #.
...#####.#.# #..### #.
#.......##.# #..# ###
#.


You could see a white very ugly thing and a killer bee zombie.

Vanquished Creatures
  A centaur warrior (D:7)
  2 two-headed ogres (D:7)
  A fire crab (D:7)
  An ugly thing (D:7)
  A cyclops (D:7)
  Prince Ribbit (D:7)
  The ghost of Lookapuppie the Chopper, an amateur MiBe of Trog (D:4)
  Menkaure (D:4)
  An acid dragon (D:7)
  Duvessa (D:7)
  An orc warrior (D:6)
  An ice beast (D:6)
  2 sky beasts (D:7)
  2 centaurs
  An ogre (D:6)
  2 big kobolds (D:7)
  6 bullfrogs
  Dowan (D:7)
  A scorpion (D:7)
  A wight (D:7)
  A centaur zombie (D:5)
  2 howler monkeys
  A crimson imp (D:5)
  3 jellies
  2 hounds
  An orc priest (D:7)
  7 worker ants
  3 iguanas
  3 orc wizards
  A killer bee zombie (D:6)
  A hound zombie (D:7)
  A howler monkey zombie (D:7)
  4 gnolls
  10 adders
  An adder skeleton (D:4)
  4 worms
  5 leopard geckos
  22 orcs
  5 giant cockroaches
  10 goblins
  12 hobgoblins
  23 jackals
  5 quokkas
  5 ball pythons
  8 bats
  10 frilled lizards
  A jackal skeleton (D:6)
  13 kobolds
  7 rats
200 creatures vanquished.

Vanquished Creatures (others)
  A plant (Sewer)
1 creature vanquished.

Grand Total: 201 creatures vanquished

Notes
Turn   | Place    | Note
-------+----------+-------------------------------------------
     0 | D:1      | HankScorpio the Minotaur Berserker began the quest for the Orb.
     0 | D:1      | Reached XP level 1. HP: 19/19 MP: 0/0
    71 | D:1      | Reached skill level 4 in Axes
   353 | D:1      | Reached XP level 2. HP: 26/26 MP: 1/1
   839 | D:1      | Reached skill level 5 in Axes
   970 | D:1      | Reached XP level 3. HP: 31/31 MP: 2/2
  1196 | D:2      | Reached ** piety under Trog
  1801 | D:3      | Reached XP level 4. HP: 39/39 MP: 3/3
  1851 | D:3      | Reached skill level 6 in Axes
  2097 | D:3      | Reached skill level 7 in Axes
  2097 | D:3      | Reached XP level 5. HP: 40/45 MP: 4/4
  2472 | D:4      | Reached skill level 8 in Axes
  2519 | D:4      | Noticed Menkaure
  2525 | D:4      | Killed Menkaure
  2525 | D:4      | Reached *** piety under Trog
  2525 | D:4      | Reached XP level 6. HP: 51/51 MP: 5/5
  2529 | D:4      | Reached skill level 9 in Axes
  2630 | D:4      | Noticed Lookapuppie's ghost (amateur MiBe)
  2642 | D:4      | Killed Lookapuppie's ghost
  2642 | D:4      | Reached XP level 7. HP: 32/57 MP: 6/6
  2643 | D:4      | Found an ancient bone altar of Kikubaaqudgha.
  2674 | D:4      | Found a glowing drain.
  2683 | Sewer    | Entered a sewer
  2894 | Sewer    | Reached skill level 10 in Axes
  3710 | D:4      | Found a glowing silver altar of Zin.
  3711 | D:4      | Found a shattered altar of Ashenzari.
  3713 | D:4      | Found a sacrificial altar of Ru.
  3717 | D:4      | Found a sparkling altar of Nemelex Xobeh.
  3721 | D:4      | Found a burning altar of Makhleb.
  3726 | D:4      | Found a bloodstained altar of Trog.
  3787 | D:5      | Entered Level 5 of the Dungeon
  3845 | D:5      | Reached skill level 11 in Axes
  4143 | D:5      | Reached **** piety under Trog
  4202 | D:5      | Reached XP level 8. HP: 43/64 MP: 7/7
  4546 | D:6      | Reached skill level 12 in Axes
  4812 | D:6      | Found Emufak's Gadget Boutique.
  5037 | D:6      | Reached skill level 13 in Axes
  5100 | D:7      | Found a staircase to the Ecumenical Temple.
  5179 | D:7      | Noticed a two-headed ogre
  5188 | D:7      | Killed a two-headed ogre
  5188 | D:7      | Reached XP level 9. HP: 70/70 MP: 8/8
  5220 | D:7      | Found Jauxe's Distillery.
  5225 | D:7      | Noticed Prince Ribbit
  5295 | D:7      | Reached skill level 14 in Axes
  5361 | D:7      | Found an iron altar of Okawaru.
  5426 | D:7      | Killed Prince Ribbit
  5805 | D:7      | Noticed Dowan
  5807 | D:7      | Noticed Duvessa
  5815 | D:7      | Killed Duvessa
  5816 | D:7      | Killed Dowan
  5898 | D:7      | Reached skill level 5 in Shields
  6016 | D:7      | Noticed a two-headed ogre
  6025 | D:7      | Killed a two-headed ogre
  6025 | D:7      | Reached skill level 15 in Axes
  6045 | D:7      | Reached XP level 10. HP: 69/77 MP: 9/9
  6077 | D:7      | Gained mutation: Your spells are a little easier to cast, but a little less powerful. [mutagenic meat]
  6078 | D:7      | Gained mutation: Your flesh is cold resistant. (rC+) [mutagenic meat]
  6079 | D:7      | Gained mutation: Your muscles are strong. (Str +2) [mutagenic meat]
  6085 | D:7      | Noticed a cyclops
  6094 | D:7      | Killed a cyclops
  6114 | D:7      | Noticed a cyan ugly thing
  6179 | D:7      | Killed a cyan ugly thing
  6186 | D:7      | Reached ***** piety under Trog
  6188 | D:7      | Gained mutation: You are agile. (Dex +2) [mutagenic meat]
  6189 | D:7      | Gained mutation: You have an increased reservoir of magic. (+10% MP) [mutagenic meat]
  6426 | D:7      | Noticed a fire crab
  6438 | D:7      | HP: 4/115 [fire crab (10)]
  6440 | D:7      | Killed a fire crab
  6440 | D:7      | Reached skill level 16 in Axes
  6671 | D:7      | Found a runed door.
  6673 | D:7      | Found a runed door.
  6673 | D:7      | Noticed a centaur warrior
  6680 | D:7      | Killed a centaur warrior
  6695 | D:7      | Noticed a white very ugly thing
  6702 | D:7      | HP: 4/115 [white very ugly thing (7)]
  6702 | D:7      | Annihilated by a white very ugly thing

Vault maps used:
D:1:      minmay_arrival_split_and_join
D:2:      serial_park_tiny_1, amethyst_killhole
D:3:      minmay_door_square, minmay_vboxes
D:4:      kiku_gazebo_pond_becter, minitemple, first_bread,
          portal_sewer_entry_d, uniq_menkaure
D:5:      zaba_anthole
D:6:      serial_shops, nicolae_shop_statue_plus
D:7:      minmay_the_grid_triangle_9x9_line_8, lemuel_crystal_altar,
          minmay_temple_entry_statues_pillars, serial_shops, shop, uniq_duvessa,
          uniq_prince_ribbit1
Sewer:    sewer_co_scattered_pipes

Skill      XL: |  1  2  3  4  5  6  7  8  9 10 |
---------------+-------------------------------+-----
Axes           | 4 5 7 8 9 11 13 15 16 | 16.5
Shields        | 3 6 8 |  8.2
Fighting       | |  3.6
Armour         | |  2.4
Dodging        | |  2.1

Action                   |  1- 3 |  4- 6 |  7- 9 | 10-12 || total
-------------------------+-------+-------+-------+-------++-------
Melee: Hand axe          |    98 |   127 |   356 |    41 ||   622
       Headbutt          |    20 |    24 |    73 |    17 ||   134
       War axe           |       |       |       |    13 ||    13
Invok: Berserk           |       |     2 |     6 |     4 ||    12
       Trog's Hand       |       |     1 |     1 |     2 ||     4
  Use: Scroll            |       |       |    11 |       ||    11
       Potion            |       |       |       |     1 ||     1
  Eat: Chunk             |     3 |     3 |    18 |     8 ||    32
       Fruit             |       |       |       |     2 ||     2
       Bread ration      |       |       |       |     1 ||     1
Armor: Animal skin       |     7 |       |       |       ||     7
       Plate armour      |    23 |    75 |   141 |    19 ||   258
Dodge: Dodged            |    54 |    39 |    80 |     6 ||   179
Block: Buckler           |       |       |    10 |    14 ||    24
